Map: Lightshade LE

Players

AnastasiaRU

  • Race: Zerg Zerg
  • League: Diamond
  • Spawn Location: 11:00

DANKCRAFT - Winner!

  • Race: Terran Terran
  • League: Master
  • Spawn Location: 5:00

VOD

Have the link to the VOD?

Description

Time

  • Played on: Nov. 27, 2020, 4:56 a.m.
  • Length: 10:07
Show
View Real Time Build Order
Export as new Build Order

AnastasiaRU Zerg 

Build Orders: Hatch First 

Get SALT Encoding   

  12  0:01  Drone  
  13  0:13  Overlord  
  13  0:18  Drone  
  14  0:31  Drone x2  
  16  0:35  Drone  
  17  0:52  Hatchery  
  17  0:55  Drone  
  17  0:58  Drone  
  18  1:11  Extractor  
  17  1:13  Spawning Pool  
  17  1:16  Drone  
  17  1:20  Drone  
  18  1:29  Drone  
  19  1:41  Overlord  
  19  1:51  Drone  
  20  2:02  Queen  
  20  2:04  Zergling x4  
  20  2:05  Queen  
  26  2:11  Metabolic Boost  
  26  2:12  Drone  
  27  2:17  Drone  
  28  2:26  Drone x2  
  30  2:34  Zergling x2  
  31  2:47  Drone  
  31  2:48  Zergling x2, Drone  
  34  2:54  Drone  
  35  3:03  Drone  
  36  3:07  Baneling Nest  
  36  3:08  Overlord, Hatchery  
  34  3:17  Drone  
  34  3:18  Drone  
  36  3:28  Drone x4  
  40  3:38  Drone  
  40  3:41  Queen  
  41  3:42  Overlord x2  
  43  3:58  Zergling x2  
  43  4:00  Zergling x10, Queen  
  51  4:11  Zergling x4  
  53  4:22  Queen  
  55  4:24  Zergling x6  
  57  4:36  Zergling x14  
  63  4:56  Baneling x4  
  63  4:57  Drone x4  
  63  4:59  Overlord x2  
  65  5:12  Queen, Spore Crawler  
  65  5:14  Spore Crawler  
  65  5:17  Queen, Lair  
  65  5:18  Overlord x2  
  65  5:21  Zergling x14  
  74  5:41  Drone  
  74  5:42  Drone x8  
  80  6:14  Drone x11  
  80  6:15  Overseer  
  91  6:19  Extractor, Centrifical Hooks  
  90  6:25  Hydralisk Den  
  90  6:27  Extractor  
  90  6:29  Extractor  
  87  6:51  Drone  
  87  6:52  Drone x9  
  97  6:58  Extractor  
  96  7:18  Grooved Spines  
  96  7:34  Drone x2  
  98  7:49  Hatchery  
  98  7:50  Zergling x2  
  98  7:52  Overlord x2  
  98  8:05  Zergling x24  
  84  8:19  Zergling x12  
  81  8:29  Zergling x2  
  81  8:30  Zergling x6, Muscular Augments  
  71  8:38  Hydralisk x6  
  71  8:41  Queen x2  
  84  8:50  Spine Crawler  
  84  8:51  Spine Crawler  
  79  8:59  Zergling x14  
Show
View Real Time Build Order
Export as new Build Order

DANKCRAFT Terran - Winner!

Build Orders: 2 Factory 

Get SALT Encoding   

  12  0:01  SCV  
  13  0:18  SCV  
  14  0:26  Supply Depot  
  14  0:30  SCV  
  15  0:42  Refinery  
  15  0:47  SCV  
  16  0:54  Barracks  
  16  0:59  SCV  
  16  1:01  Refinery  
  17  1:11  SCV  
  18  1:23  SCV  
  19  1:35  SCV  
  20  1:43  Supply Depot  
  20  1:48  SCV  
  21  1:54  Factory  
  21  2:00  SCV  
  21  2:01  Factory  
  22  2:12  SCV  
  23  2:24  SCV  
  23  2:29  Factory  
  24  2:36  SCV  
  25  2:45  Factory Tech Lab x2  
  25  2:53  Marine  
  26  3:08  Armory  
  26  3:10  Hellion x2  
  30  3:14  Factory Tech Lab  
  30  3:22  Supply Depot  
  30  3:25  Supply Depot  
  30  3:44  Hellion x3  
  36  4:00  Command Center  
  36  4:17  Thor  
  42  5:08  Supply Depot  
  42  5:10  Supply Depot  
  42  5:11  Thor x2  
  54  5:28  SCV  
  55  5:30  SCV  
  55  5:33  Thor  
  61  6:00  Thor  
  67  6:14  Hellion  
  69  6:28  Thor  
  75  7:36  Supply Depot  
  75  7:37  Supply Depot  
  75  7:44  Hellion  
  77  7:57  Thor  
  83  7:58  Thor  
  83  8:05  Hellion  
  83  8:26  Hellion  
  81  8:40  Hellion  
  83  8:41  Hellion  
  83  8:48  Hellbat  
  87  9:02  Hellbat  
  89  9:03  Hellbat  
Tags
 
Add a new tag
Caveats
  • Supply blocks, unpowered buildings, or Contaminate may cause inaccurate times.
  • Supply counts are checked every 10 seconds.